 Dungeon Crawl Stone Soup version 0.23.2 (webtiles) character file.

Game seed: 15997557592695325641

2818 Menchi the Blocker (level 9, -11/74 HPs)
             Began as a Gnoll Fighter on Apr 8, 2019.
             Was an Initiate of Gozag.
             Mangled by Harold
             ... wielding a +2 scimitar of freezing
              (23 damage)
             ... on level 8 of the Dungeon.
             The game lasted 00:14:25 (4763 turns).

Menchi the Blocker (Gnoll Fighter)                  Turns: 4763, Time: 00:14:26

Health: -11/74     AC:  9    Str: 23    XL:     9   Next: 72%
Magic:  15/15      EV: 14    Int: 15    God:    Gozag
Gold:   529        SH:  0    Dex: 14    Spells: 16/16 levels left

rFire    + . .     SeeInvis .   l - +1 battleaxe
rCold    . . .     Gourm    .   (shield currently unavailable)
rNeg     . . .     Faith    +   n - +2 robe {rF+}
rPois    .         Spirit   .   s - +2 hat
rElec    .         Reflect  .   x - +0 cloak
rCorr    .         Harm     .   e - +0 pair of gloves
MR       +....                  (no boots)
Stlth    +++.......             B - amulet of faith
HPRegen  0.22/turn              j - +5 ring of intelligence
MPRegen  0.14/turn              y - ring of protection from magic

@: lethally poisoned (-11 -> -14), marked
A: distributed training, fangs 1, strong nose
a: Potion Petition, Call Merchant, Bribe Branch, Renounce Religion


You were on level 8 of the Dungeon.
You worshipped Gozag.
Gozag was pleased with you.
You were not hungry.

You visited 1 branch of the dungeon, and saw 7 of its levels.

You collected 590 gold pieces.
You paid 61 gold pieces to Gozag.

Inventory:

Hand Weapons
 a - a +0 war axe
 l - a +1 battleaxe (weapon)
 z - a +3 dagger of electrocution
Armour
 c - a +0 shield
 e - a +0 pair of gloves (worn)
 n - a +2 robe of fire resistance (worn)
 s - a +2 hat (worn)
 x - a +0 cloak (worn)
Jewellery
 j - a +5 ring of intelligence (left hand)
 k - an uncursed ring of resist corrosion
 v - an uncursed ring of ice
 y - a ring of protection from magic (right hand)
 A - an uncursed ring of ice
 B - an amulet of faith (around neck)
Wands
 d - a wand of flame (32)
 g - a wand of polymorph (5)
Scrolls
 h - 3 scrolls of identify
 i - 2 scrolls of amnesia
 m - 3 scrolls of remove curse
 p - a scroll of fear
 q - 3 scrolls of teleportation
 r - a scroll of enchant weapon
 t - 2 scrolls of fog {unknown}
 w - a scroll of immolation {unknown}
 C - 3 scrolls of random uselessness
Potions
 b - a potion of degeneration {unknown}
 o - a potion of haste {unknown}
 u - 2 potions of lignification {unknown}
Comestibles
 f - 2 rations


   Skills:
 + Level 8.0 Fighting
 + Level 4.4 Short Blades
 + Level 4.4 Long Blades
 + Level 6.4 Axes
 + Level 4.4 Maces & Flails
 + Level 4.4 Polearms
 + Level 4.4 Staves
 + Level 4.4 Slings
 + Level 4.4 Bows
 + Level 4.4 Crossbows
 + Level 4.4 Throwing
 + Level 8.0 Armour
 + Level 4.4 Dodging
 + Level 4.4 Stealth
 + Level 8.0 Shields
 + Level 4.4 Unarmed Combat
 + Level 4.4 Spellcasting
 + Level 3.6 Conjurations
 + Level 3.6 Hexes
 + Level 3.6 Charms
 + Level 3.6 Summonings
 + Level 3.6 Necromancy
 + Level 3.6 Translocations
 + Level 3.6 Transmutations
 + Level 3.6 Fire Magic
 + Level 3.6 Ice Magic
 + Level 3.6 Air Magic
 + Level 3.6 Earth Magic
 + Level 3.6 Poison Magic
 + Level 4.9 Invocations
 + Level 4.4 Evocations


You had 16 spell levels left.
You didn't know any spells.
Your spell library was empty.

Dungeon Overview and Level Annotations

Branches:
Dungeon (6/15)             Temple (0/1) D:5

Altars:
Ashenzari
Cheibriados
Dithmenos
Elyvilon
Fedhas
Gozag
Vehumet
Xom

Annotations:
D:8 Harold


Innate Abilities, Weirdness & Mutations

Your experience applies equally to all skills.
You have very sharp teeth.
Your uncanny sense of smell can sniff out nearby items.


Message History

The worker ant closely misses you.
You hit Harold but do no damage. Your bite misses Harold.
Harold is heavily wounded.
You barely miss the worker ant. The worker ant bites you.
* * * LOW HITPOINT WARNING * * *
You are poisoned.
The worker ant poisons you! Harold closely misses you.
The worker ant bites you but does no damage.
You barely miss Harold.
Harold is heavily wounded.
You barely miss the worker ant.
You feel sick. Harold hits you but does no damage. The worker ant bites you.
* * * LOW HITPOINT WARNING * * *
You hit Harold but do no damage.
Harold is heavily wounded.
You closely miss the worker ant.
You feel sick. The worker ant barely misses you.
Harold hits you with a +2 scimitar of freezing!!
You die...
Your body crumbles into a pile of gold.

.##.........##
.#####.####..##########
.. #. ##.##..<....# #..
. #.........># #..#.
###........# ###..
##........# ...... ∆
.........# ###..##
###.......# #...@.....#
#.#a@.....# _..#######
#.### #. #


You could see Harold and a worker ant.

Vanquished Creatures
  Sigmund (D:3)
  6 yaks (D:8)
  Edmund (D:5)
  Duvessa (D:4)
  A black bear (D:6)
  2 ogres (D:5)
  A phantom (D:8)
  Dowan (D:4)
  A scorpion (D:5)
  6 killer bees (D:8)
  4 wights (D:8)
  A howler monkey (D:4)
  2 centaur skeletons
  2 gnoll shamans
  A hound (D:8)
  A jelly (D:8)
  3 orc wizards
  Ijyb (D:5)
  Jessica (D:3)
  4 worker ants
  A killer bee zombie (D:6)
  Robin (D:3)
  7 gnolls
  6 adders
  2 adder skeletons (D:4)
  4 worms
  2 dart slugs (D:1)
  2 leopard geckos
  13 orcs
  3 giant cockroaches
  8 hobgoblins
  15 jackals
  A quokka (D:6)
  9 bats
  3 frilled lizards
  18 goblins
  8 kobolds
  A leopard gecko skeleton (D:8)
  2 quokka skeletons
  9 rats
156 creatures vanquished.

Notes
Turn   | Place    | Note
-------+----------+-------------------------------------------
     0 | D:1      | Menchi the Gnoll Fighter began the quest for the Orb.
     0 | D:1      | Reached XP level 1. HP: 23/23 MP: 1/1
    65 | D:1      | Reached XP level 2. HP: 29/29 MP: 2/2
   229 | D:1      | Reached XP level 3. HP: 35/35 MP: 3/3
   644 | D:2      | Reached skill level 1 in Invocations
   697 | D:2      | Reached skill level 1 in Short Blades
   697 | D:2      | Reached skill level 1 in Long Blades
   697 | D:2      | Reached skill level 1 in Maces & Flails
   697 | D:2      | Reached skill level 1 in Polearms
   697 | D:2      | Reached skill level 1 in Staves
   697 | D:2      | Reached skill level 1 in Slings
   697 | D:2      | Reached skill level 1 in Bows
   697 | D:2      | Reached skill level 1 in Crossbows
   697 | D:2      | Reached skill level 1 in Throwing
   697 | D:2      | Reached skill level 1 in Dodging
   697 | D:2      | Reached skill level 1 in Stealth
   697 | D:2      | Reached skill level 1 in Unarmed Combat
   697 | D:2      | Reached skill level 1 in Spellcasting
   697 | D:2      | Reached skill level 1 in Evocations
   700 | D:2      | Reached XP level 4. HP: 30/41 MP: 5/5
  1267 | D:2      | Found a shimmering altar of Xom.
  1529 | D:3      | Noticed Robin
  1532 | D:3      | Reached skill level 1 in Conjurations
  1532 | D:3      | Reached skill level 1 in Hexes
  1532 | D:3      | Reached skill level 1 in Charms
  1532 | D:3      | Reached skill level 1 in Summonings
  1532 | D:3      | Reached skill level 1 in Necromancy
  1532 | D:3      | Reached skill level 1 in Translocations
  1532 | D:3      | Reached skill level 1 in Transmutations
  1532 | D:3      | Reached skill level 1 in Fire Magic
  1532 | D:3      | Reached skill level 1 in Ice Magic
  1532 | D:3      | Reached skill level 1 in Air Magic
  1532 | D:3      | Reached skill level 1 in Earth Magic
  1532 | D:3      | Reached skill level 1 in Poison Magic
  1551 | D:3      | Killed Robin
  1551 | D:3      | Reached XP level 5. HP: 42/47 MP: 6/6
  1665 | D:3      | Noticed Jessica
  1673 | D:3      | Killed Jessica
  2091 | D:3      | Noticed Sigmund
  2105 | D:3      | Killed Sigmund
  2105 | D:3      | Reached skill level 5 in Axes
  2105 | D:3      | Reached XP level 6. HP: 50/53 MP: 7/9
  2334 | D:4      | Reached XP level 7. HP: 41/59 MP: 10/10
  2622 | D:4      | Found a radiant altar of Vehumet.
  2732 | D:4      | Noticed Dowan
  2735 | D:4      | Noticed Duvessa
  2749 | D:4      | Killed Duvessa
  2755 | D:4      | Killed Dowan
  3103 | D:4      | Found a white marble altar of Elyvilon.
  3105 | D:4      | Found a blossoming altar of Fedhas.
  3111 | D:4      | Found a shadowy altar of Dithmenos.
  3112 | D:4      | Found an opulent altar of Gozag.
  3253 | D:4      | Became a worshipper of Gozag Ym Sagoz the Greedy
  3260 | D:5      | Entered Level 5 of the Dungeon
  3353 | D:5      | Found an opulent altar of Gozag.
  3357 | D:5      | Noticed Edmund
  3377 | D:5      | Killed Edmund
  3430 | D:5      | Reached XP level 8. HP: 32/67 MP: 12/12
  3460 | D:5      | Found a staircase to the Ecumenical Temple.
  3567 | D:5      | Noticed Ijyb
  3582 | D:5      | Killed Ijyb
  4256 | D:6      | Found a snail-covered altar of Cheibriados.
  4297 | D:6      | You fall through a shaft for 2 floors!
  4297 | D:8      | Noticed a yak
  4298 | D:8      | Noticed a yak
  4298 | D:8      | Noticed a yak
  4300 | D:8      | Noticed a yak
  4301 | D:8      | Noticed a yak
  4305 | D:8      | Noticed a yak
  4349 | D:8      | Killed a yak
  4349 | D:8      | Reached XP level 9. HP: 47/72 MP: 14/14
  4753 | D:8      | Noticed Harold
  4755 | D:8      | Found a shattered altar of Ashenzari.
  4763 | D:8      | Mangled by Harold

Skill      XL: |  1  2  3  4  5  6  7  8  9 |
---------------+----------------------------+-----
Invocations    | 1 2 3 4 |  4.9
Short Blades   | 1 2 3 4 |  4.4
Long Blades    | 1 2 3 4 |  4.4
Maces & Flails | 1 2 3 4 |  4.4
Polearms       | 1 2 3 4 |  4.4
Staves         | 1 2 3 4 |  4.4
Slings         | 1 2 3 4 |  4.4
Bows           | 1 2 3 4 |  4.4
Crossbows      | 1 2 3 4 |  4.4
Throwing       | 1 2 3 4 |  4.4
Dodging        | 1 2 3 4 |  4.4
Stealth        | 1 2 3 4 |  4.4
Unarmed Combat | 1 2 3 4 |  4.4
Spellcasting   | 1 2 3 4 |  4.4
Evocations     | 1 2 3 4 |  4.4
Conjurations   | 1 2 3 |  3.6
Hexes          | 1 2 3 |  3.6
Charms         | 1 2 3 |  3.6
Summonings     | 1 2 3 |  3.6
Necromancy     | 1 2 3 |  3.6
Translocations | 1 2 3 |  3.6
Transmutations | 1 2 3 |  3.6
Fire Magic     | 1 2 3 |  3.6
Ice Magic      | 1 2 3 |  3.6
Air Magic      | 1 2 3 |  3.6
Earth Magic    | 1 2 3 |  3.6
Poison Magic   | 1 2 3 |  3.6
Axes           | 5 6 |  6.4
Fighting       | 7 8 |  8.0
Armour         | 7 8 |  8.0
Shields        | 7 8 |  8.0

Action                   |  1- 3 |  4- 6 |  7- 9 || total
-------------------------+-------+-------+-------++-------
Melee: War axe           |    85 |   169 |    32 ||   286
       Bite              |     3 |    19 |    29 ||    51
       Dagger            |       |       |   199 ||   199
       Battleaxe         |       |       |    12 ||    12
Evoke: Wand              |       |       |    11 ||    11
  Use: Potion            |       |       |     8 ||     8
       Scroll            |       |       |     6 ||     6
 Stab: Distracted        |       |       |     4 ||     4
  Eat: Chunk             |       |     5 |     2 ||     7
       Ration            |       |       |     2 ||     2
Armor: Scale mail        |    36 |    75 |    72 ||   183
       Robe              |       |       |     3 ||     3
Dodge: Dodged            |    39 |    56 |    71 ||   166
Block: Shield            |    51 |   104 |   140 ||   295
